AoeStats
← Hansi

Arena

505676070Analyzed
1v1 RM · 20d ago on Sep 10, 2026· 39m 54s· 2 players
Game mode
Random Map
Map size
Tiny (2 player)
Population
200
Speed
Normal
Resources
Standard
Victory
Conquest
Starting age
Dark Age
Ending age
Imperial Age
RankedLock teamsTeams togetherTeam positionsShared explorationLock speedFull tech treeHidden civsTurbo modeCheats
Victory
Defeat
🇦🇹 Persians · Austria
1001
+16
🇬🇧 Britons · United Kingdom
1000
-48
Toadsy
10:41 Feudal Age
11:19 Horse Collar
11:26 Double-Bit Axe
19:01 Castle Age
21:04 Heavy Plow
21:18 Bow Saw
23:49 Wheelbarrow
24:32 Fletching
26:03 Bodkin Arrow
26:12 Gold Mining
27:20 Hand Cart
28:42 Town Watch
31:33 Ballistics
31:29 Fortified Wall
33:58 Imperial Age
35:06 Yeomen
34:08 Elite Longbowman
35:35 Bracer
36:17 Conscription
36:39 Squires
36:00 Pikeman
37:27 Halberdier
Hansi
9:54 Feudal Age
13:51 Castle Age
12:28 Double-Bit Axe
13:02 Horse Collar
19:26 Heavy Plow
19:44 Bow Saw
21:32 Wheelbarrow
21:59 Heavy Plow
22:46 Stone Mining
22:46 Gold Mining
24:39 Loom
25:14 Scale Barding Armor
25:19 Forging
25:41 Fletching
26:23 Bloodlines
26:13 Husbandry
27:49 Stone Shaft Mining
27:49 Gold Shaft Mining
28:30 Chain Barding Armor
28:45 Iron Casting
28:08 Bodkin Arrow
32:54 Imperial Age
30:25 Elite Skirmisher
31:10 Padded Archer Armor
32:03 Thumb Ring
34:24 Chemistry
33:44 Ballistics
34:03 Leather Archer Armor
34:51 Blast Furnace
34:26 Plate Barding Armor
34:13 Citadels
34:26 Citadels
34:39 Conscription
36:29 Two-Man Saw
36:41 Hoardings
35:28 Crossbowman
35:57 Elite War Elephant
37:48 Crop Rotation
37:18 Murder Holes
37:35 Masonry
38:07 Cavalier
Connection lost

Rejoining the realm…

Still unreachable

The connection could not be restored.

Session expired

The server has moved on; the page needs a fresh start.